Admirals vs Barracuda

Created - Sunday, January 5, 2025 at 23:05

Goals
1 2 3 T
Admirals 0 1 0 1
Barracuda 2 1 2 5
Shots
1 2 3 T
Admirals 4 6 4 14
Barracuda 12 24 16 52

1st period

1. Barracuda , Nicolas Petan 8 (David Gustafsson 16) at 10:39
2. Barracuda , Kyle Criscuolo 12 (David Gustafsson 17, Arturs Silovs) at 12:36 (PP)

Penalties :
Jesse Ylonen (MIL) for Hooking (Minor) at 11:52, William Wallinder (MIL) for Hooking (Minor) at 12:49, Nick Jones (MIL) for Interference (Minor) at 19:28

2nd period

3. Admirals , Adam Brooks 18 (Jesse Ylonen 27, William Wallinder 6) at 5:11
4. Barracuda , Louis Belpedio 14 (Kyle Criscuolo 20, Oskar Olausson 14) at 16:59

Penalties :
Brandt Clarke (MIL) for Tripping (Minor) at 0:09, Oskar Olausson (SJB) for Holding (Minor) at 5:38, Gavin Bayreuther (SJB) for Roughing (Minor) at 8:57, Ethan Prow (MIL) for Interference (Minor) at 17:18, Vinni Lettieri (MIL) for Tripping (Minor) at 18:30

3rd period

5. Barracuda , Sam Malinski 10 (Kyle Criscuolo 21) at 1:17 (PP)
6. Barracuda , Jon-Randall Avon 3 (Louis Belpedio 18, Nicolas Petan 13) at 8:00 (PP)

Penalties :
Ethan Prow (MIL) for Hooking (Minor) at 0:13, Michael Karow (MIL) for Tripping (Minor) at 1:15, William Wallinder (MIL) for Delaying the game (Minor) at 3:28, Jeff Kubiak (MIL) for Tripping (Minor) at 6:16, Ben Hutton (SJB) for Delaying the game (Minor) at 8:55, William Wallinder (MIL) for Holding (Minor) at 13:51, Mark Friedman (SJB) for Fighting (Major) at 16:01, Jeff Kubiak (MIL) for Fighting (Major) at 16:01, Derrick Pouliot (MIL) for Close Hand On Puck (Minor) at 16:43, Robbie Russo (MIL) for Roughing (Minor) at 19:47

Goalie Stats

Alex Stalock (MIL), 47 saves from 52 shots - (0.904), L, 9-1-1, 60:00 minutes
Arturs Silovs (SJB), 13 saves from 14 shots - (0.929), W, 20-20-3, 60:00 minutes

Players Stats for Admirals

Player Name              G  A  P  +/- PIM S  H  SB GA TA FO     MP     PP MP  PK MP  
------------------------------------------------------------------------------------
Adam Brooks              1  0  1   1  0   3  1  0  0  0  10/17  13:57   2:07   0:00 
Boris Katchouk           0  0  0  -1  0   2  0  1  0  0  1/5    23:49   3:49   9:23 
Brandt Clarke            0  0  0  -1  2   0  0  0  0  0  0/0    21:56   2:07   7:49 
Derrick Pouliot          0  0  0  -1  2   0  4  1  0  0  0/0    22:06   2:07   8:12 
Ethan Prow               0  0  0  -1  4   2  1  5  0  0  0/0    22:00   3:49   7:55 
FarmPlay1                0  0  0   0  0   0  0  0  0  0  0/3     3:40   0:01   2:51 
Gage Goncalves           0  0  0  -1  0   1  0  0  0  0  9/28   27:03   3:49  11:04 
Jeff Kubiak              0  0  0  -1  7   0  2  0  0  0  5/9    11:19   0:00   0:00 
Jesse Ylonen             0  1  1   1  2   0  1  0  0  0  5/19   22:25   2:01   7:22 
Landon Slaggert          0  0  0   0  0   1  0  1  0  0  0/0     2:54   0:07   1:19 
Michael Karow            0  0  0   1  2   0  2  3  0  0  0/0    16:34   0:00   4:04 
Michael Pezzetta         0  0  0  -1  0   0  3  0  0  0  0/1     9:17   0:00   0:00 
Nick Jones               0  0  0  -1  2   1  0  0  0  0  0/0    12:35   0:00   0:00 
Nick Wolff               0  0  0   0  0   0  0  0  0  0  0/0     0:28   0:00   0:00 
Robbie Russo             0  0  0  -1  2   0  2  2  0  0  0/0    23:15   3:50   9:21 
Taylor Ward              0  0  0   1  0   1  5  0  0  0  2/3    13:58   2:08   0:00 
Vinni Lettieri           0  0  0  -1  2   3  1  1  0  0  6/19   18:39   3:49   4:13 
William Wallinder        0  1  1   1  6   0  1  1  0  0  0/0    12:28   0:01   0:00 

Players Stats for Barracuda

Player Name              G  A  P  +/- PIM S  H  SB GA TA FO     MP     PP MP  PK MP  
------------------------------------------------------------------------------------
Ben Hutton               0  0  0   0  2   8  1  1  0  0  0/0    23:51   9:28   1:46 
Carsen Twarynski         0  0  0   1  0   1  1  1  0  0  0/0    12:40   0:00   0:00 
David Gustafsson         0  2  2   1  0   2  1  0  0  0  2/4    19:54   9:42   1:56 
Dominik Shine            0  0  0  -1  0   1  0  0  0  0  2/3    20:09   8:58   0:00 
Gavin Bayreuther         0  0  0   0  2   0  1  1  0  0  0/0    14:34   0:00   1:04 
Jon-Randall Avon         1  0  1   0  0   1  0  0  0  0  0/1     1:45   0:53   0:00 
Kevin Connauton          0  0  0   1  0   0  0  1  0  0  0/0    21:49   9:10   3:07 
Kyle Criscuolo           1  2  3   1  0   6  1  0  0  0  23/40  21:44   9:42   0:00 
Louis Belpedio           1  1  2   1  0   7  0  1  0  0  0/0    22:10   8:59   3:07 
Mark Friedman            0  0  0   0  5   0  0  0  0  0  0/0    13:00   0:55   0:00 
Matt Martin              0  0  0   1  0   4  3  0  0  0  0/0    23:58   9:09   3:37 
Matthew Wedman           0  0  0   0  0   0  0  0  0  0  0/0     0:00   0:00   0:00 
Mike Hardman             0  0  0  -1  0   6  0  0  0  0  3/8    22:57   8:58   2:48 
Nicolas Petan            1  1  2   1  0   3  0  0  0  0  6/8     8:48   0:20   0:12 
Oskar Olausson           0  1  1   1  2   1  2  0  0  0  0/2    14:12   0:20   1:13 
Ryan Schmelzer           0  0  0  -1  0   4  1  0  0  0  26/33  24:36   8:58   1:56 
Sam Malinski             1  0  1   0  0   8  0  1  0  0  0/0    24:33   9:28   2:50 
Tyler Angle              0  0  0   0  0   0  0  0  0  0  4/5     3:19   0:00   0:12 

3 Stars

1 - Kyle Criscuolo (SJB)
2 - Louis Belpedio (SJB)
3 - Nicolas Petan (SJB)

Power Play

Admirals - 0 on 3 Attempt(s) - 0.00%
Barracuda - 3 on 13 Attempt(s) - 23.08%

Penalty Kill

Admirals - 10 on 13 Attempt(s) - 76.92% - Score 0 goal in Penalty Kill
Barracuda - 3 on 3 Attempt(s) - 100.00% - Score 0 goal in Penalty Kill

Team Stat

Admirals - Hits : 23 - Faceoff Wins : 38 - Blocked Shots : 15 - Penalty Minutes : 31
Barracuda - Hits : 11 - Faceoff Wins : 66 - Blocked Shots : 6 - Penalty Minutes : 11

Official

Referees : Justin Kea and Ghislain Hebert
Linesman : Kilian McNamara and Brad Kovachik

Game Notes

Jeff Kubiak beats up Mark Friedman at 16:01 of 3rd period

Finance

Level 1 -- Attendance: 1812 (90.60%) -- Ticket Income $63,420
Level 2 -- Attendance: 983 (98.30%) -- Ticket Income $14,745
Total Attendance: 2795 (93.17%)
Total Ticket Income: $78,165
Other Income: $38,301
Total Income: $116,466

Admirals

5 vs 5 Forward 
   Center                   Left Wing                Right Wing               Time % Phy DF OF 
 1 Vinni Lettieri           Boris Katchouk           Michael Pezzetta         25     1   2  2  
 2 Adam Brooks              Jesse Ylonen             Taylor Ward              25     1   2  2  
 3 Jeff Kubiak              Gage Goncalves           Nick Jones               25     1   2  2  
 4 Jesse Ylonen             Vinni Lettieri           Boris Katchouk           25     1   2  2  

5 vs 5 Defense 
   Defense                  Defense                                           Time % Phy DF OF 
 1 Derrick Pouliot          Brandt Clarke                                     25     1   2  2  
 2 Robbie Russo             Ethan Prow                                        25     1   2  2  
 3 William Wallinder        Michael Karow                                     25     1   2  2  
 4 Brandt Clarke            Derrick Pouliot                                   25     1   2  2  

PowerPlay Forward 
   Center                   Left Wing                Right Wing               Time % Phy DF OF 
 1 Vinni Lettieri           Boris Katchouk           Gage Goncalves           60     1   2  2  
 2 Adam Brooks              Jesse Ylonen             Taylor Ward              40     1   2  2  

PowerPlay Defense
   Defense                  Defense                                           Time % Phy DF OF 
 1 Derrick Pouliot          Brandt Clarke                                     60     1   2  2  
 2 Robbie Russo             Ethan Prow                                        40     1   2  2  

Penalty Kill 4 Players Forward 
   Center                   Wing                     Time % Phy DF OF 
 1 Gage Goncalves           Boris Katchouk           60     1   2  2  
 2 Jesse Ylonen             Vinni Lettieri           40     1   2  2  

Penalty Kill 4 Players Defense
   Defense                  Defense                  Time % Phy DF OF 
 1 Derrick Pouliot          Brandt Clarke            60     1   2  2  
 2 Robbie Russo             Ethan Prow               40     1   2  2  

Penalty Kill - 3 Players Forward 
   Forward                                           Time % Phy DF OF 
 1 Jesse Ylonen                                      60     1   2  2  
 2 Boris Katchouk                                    40     1   2  2  

Penalty Kill - 3 Players Defense
   Defense                  Defense                  Time % Phy DF OF 
 1 Derrick Pouliot          Brandt Clarke            60     1   2  2  
 2 Robbie Russo             Ethan Prow               40     1   2  2  

4 vs 4 Forward 
   Center                   Wing                     Time % Phy DF OF 
 1 Gage Goncalves           Boris Katchouk           60     1   2  2  
 2 Jesse Ylonen             Vinni Lettieri           40     1   2  2  

4 vs 4 Defense
   Defense                  Defense                  Time % Phy DF OF 
 1 Derrick Pouliot          Brandt Clarke            60     1   2  2  
 2 Robbie Russo             Ethan Prow               40     1   2  2  

Last Minutes Offensive
   Center                   Left Wing                Right Wing               Defense                  Defense                  
   Vinni Lettieri           Boris Katchouk           Jesse Ylonen             Derrick Pouliot          Brandt Clarke            

Last Minutes Defensive
   Center                   Left Wing                Right Wing               Defense                  Defense                  
   Vinni Lettieri           Boris Katchouk           Jesse Ylonen             Derrick Pouliot          Brandt Clarke            

Goaltenders
Starting : Alex Stalock             
Backup : Garret Sparks            

Extra Forwards
Normal : Landon Slaggert, Gage Goncalves, Jesse Ylonen - PP : Landon Slaggert, Gage Goncalves - PK : Boris Katchouk
Extra Defensemen
Normal : William Wallinder, Michael Karow, Brandt Clarke - PP : William Wallinder - PK : Michael Karow, Derrick Pouliot
Penalty Shots
Landon Slaggert, Boris Katchouk, Jesse Ylonen, Vinni Lettieri, Gage Goncalves
Custom OT Lines Forwards
Nick Jones, Boris Katchouk, Jesse Ylonen, Vinni Lettieri, Gage Goncalves, Michael Pezzetta, Landon Slaggert, Adam Brooks, Taylor Ward, Jeff Kubiak
Custom OT Lines Defensemen
Derrick Pouliot, Brandt Clarke, Robbie Russo, Ethan Prow, William Wallinder

Scratches
Nolan Allan (Healthy), Kyle Clifford (Torn Right MCL Injury), Farm Goalie 18 (Healthy)

Barracuda

5 vs 5 Forward 
   Center                   Left Wing                Right Wing               Time % Phy DF OF 
 1 Nicolas Petan            David Gustafsson         Matt Martin              25     1   2  2  
 2 Ryan Schmelzer           Mike Hardman             Dominik Shine            25     1   2  2  
 3 Kyle Criscuolo           Carsen Twarynski         Oskar Olausson           25     1   2  2  
 4 Tyler Angle              Ryan Schmelzer           Matt Martin              25     1   2  2  

5 vs 5 Defense 
   Defense                  Defense                                           Time % Phy DF OF 
 1 Ben Hutton               Sam Malinski                                      25     1   2  2  
 2 Louis Belpedio           Kevin Connauton                                   25     1   2  2  
 3 Mark Friedman            Gavin Bayreuther                                  25     1   2  2  
 4 Ben Hutton               Sam Malinski                                      25     1   2  2  

PowerPlay Forward 
   Center                   Left Wing                Right Wing               Time % Phy DF OF 
 1 Kyle Criscuolo           David Gustafsson         Matt Martin              60     1   2  2  
 2 Ryan Schmelzer           Mike Hardman             Dominik Shine            40     1   2  2  

PowerPlay Defense
   Defense                  Defense                                           Time % Phy DF OF 
 1 Ben Hutton               Sam Malinski                                      60     1   2  2  
 2 Louis Belpedio           Kevin Connauton                                   40     1   2  2  

Penalty Kill 4 Players Forward 
   Center                   Wing                     Time % Phy DF OF 
 1 Mike Hardman             Matt Martin              60     1   2  2  
 2 Ryan Schmelzer           David Gustafsson         40     1   2  2  

Penalty Kill 4 Players Defense
   Defense                  Defense                  Time % Phy DF OF 
 1 Ben Hutton               Sam Malinski             60     1   2  2  
 2 Louis Belpedio           Kevin Connauton          40     1   2  2  

Penalty Kill - 3 Players Forward 
   Forward                                           Time % Phy DF OF 
 1 David Gustafsson                                  60     1   2  2  
 2 Ryan Schmelzer                                    40     1   2  2  

Penalty Kill - 3 Players Defense
   Defense                  Defense                  Time % Phy DF OF 
 1 Ben Hutton               Sam Malinski             60     1   2  2  
 2 Louis Belpedio           Kevin Connauton          40     1   2  2  

4 vs 4 Forward 
   Center                   Wing                     Time % Phy DF OF 
 1 Kyle Criscuolo           Matt Martin              60     1   2  2  
 2 Ryan Schmelzer           David Gustafsson         40     1   2  2  

4 vs 4 Defense
   Defense                  Defense                  Time % Phy DF OF 
 1 Ben Hutton               Sam Malinski             60     1   2  2  
 2 Louis Belpedio           Kevin Connauton          40     1   2  2  

Last Minutes Offensive
   Center                   Left Wing                Right Wing               Defense                  Defense                  
   Nicolas Petan            David Gustafsson         Matt Martin              Ben Hutton               Sam Malinski             

Last Minutes Defensive
   Center                   Left Wing                Right Wing               Defense                  Defense                  
   Nicolas Petan            David Gustafsson         Matt Martin              Ben Hutton               Sam Malinski             

Goaltenders
Starting : Arturs Silovs            
Backup : Zane McIntyre            

Extra Forwards
Normal : Jon-Randall Avon, Kyle Criscuolo, Oskar Olausson - PP : Jon-Randall Avon, Kyle Criscuolo - PK : Oskar Olausson
Extra Defensemen
Normal : Mark Friedman, Gavin Bayreuther, Louis Belpedio - PP : Mark Friedman - PK : Gavin Bayreuther, Louis Belpedio
Penalty Shots
Oskar Olausson, Matt Martin, Ryan Schmelzer, David Gustafsson, Mike Hardman
Custom OT Lines Forwards
Matt Martin, Nicolas Petan, Ryan Schmelzer, David Gustafsson, Mike Hardman, Kyle Criscuolo, Dominik Shine, Oskar Olausson, Tyler Angle, Carsen Twarynski
Custom OT Lines Defensemen
Ben Hutton, Sam Malinski, Louis Belpedio, Kevin Connauton, Mark Friedman

Scratches
Farm Goalie 49 (Healthy)

% Time on Ice - Admirals

Lines # - Real PCT - Wanted PCT - Time Play
Normal Forward
1 - 26% - 25% - 9:17
2 - 34% - 25% - 11:50
3 - 36% - 25% - 12:36
4 - 4% - 25% - 1:20
Normal Defense
1 - 17% - 25% - 5:55
2 - 29% - 25% - 10:17
3 - 37% - 25% - 12:58
4 - 17% - 25% - 5:53
PP Forward
1 - 64% - 60% - 3:49
2 - 36% - 40% - 2:08
PP Defense
1 - 36% - 60% - 2:07
2 - 64% - 40% - 3:50
PK Forward
1 - 67% - 60% - 11:04
2 - 33% - 40% - 5:33
PK Defense
1 - 47% - 60% - 7:53
2 - 53% - 40% - 8:44
PK3 Forward
1 - 100% - 60% - 2:23
2 - 0% - 40% - 0:00
PK3 Defense
1 - 74% - 60% - 1:46
2 - 26% - 40% - 0:37
44 Forward
1 - 0% - 60%
2 - 0% - 40%
44 Defense
1 - 0% - 60%
2 - 0% - 40%
Last Minute Offensive  - 0:00
Last Minute Defensive  - 0:00
Total
Forward - 60:00
Defense - 60:00

% Time on Ice - Barracuda

Lines # - Real PCT - Wanted PCT - Time Play
Normal Forward
1 - 24% - 25% - 8:16
2 - 32% - 25% - 11:11
3 - 36% - 25% - 12:40
4 - 8% - 25% - 2:56
Normal Defense
1 - 17% - 25% - 5:47
2 - 27% - 25% - 9:32
3 - 39% - 25% - 13:31
4 - 18% - 25% - 6:13
PP Forward
1 - 51% - 60% - 9:42
2 - 49% - 40% - 9:18
PP Defense
1 - 52% - 60% - 9:48
2 - 48% - 40% - 9:12
PK Forward
1 - 68% - 60% - 4:01
2 - 32% - 40% - 1:56
PK Defense
1 - 48% - 60% - 2:50
2 - 52% - 40% - 3:07
PK3 Forward
1 - 0% - 60%
2 - 0% - 40%
PK3 Defense
1 - 0% - 60%
2 - 0% - 40%
44 Forward
1 - 0% - 60%
2 - 0% - 40%
44 Defense
1 - 0% - 60%
2 - 0% - 40%
Last Minute Offensive  - 0:00
Last Minute Defensive  - 0:00
Total
Forward - 60:00
Defense - 60:00

Play-by-Play

1st period


0:01 of 1st period - Nicolas Petan wins face-off versus Vinni Lettieri in neutral zone.
0:01 of 1st period - Nicolas Petan is hit by Michael Pezzetta.
0:33 of 1st period - Shot by Nicolas Petan.
0:33 of 1st period - Stopped by Alex Stalock with a rebound.
1:48 of 1st period - Louis Belpedio is hit by Taylor Ward and loses puck.
2:05 of 1st period - Icing by William Wallinder.
2:06 of 1st period - Jeff Kubiak wins face-off versus Kyle Criscuolo in Admirals zone.
2:33 of 1st period - Shot by Mark Friedman.
2:33 of 1st period - Shot Misses the Net.
2:35 of 1st period - Shot by Mark Friedman.
2:35 of 1st period - Shot Misses the Net.
2:37 of 1st period - Shot by Carsen Twarynski.
2:37 of 1st period - Shot Blocked by Michael Karow.
3:25 of 1st period - Gage Goncalves is hit by Ben Hutton and loses puck.
3:37 of 1st period - Jeff Kubiak is hit by David Gustafsson and loses puck.
4:48 of 1st period - Robbie Russo is hit by Oskar Olausson and loses puck.
5:11 of 1st period - Shot by Adam Brooks.
5:11 of 1st period - Shot Misses the Net.
5:13 of 1st period - Shot by Jesse Ylonen.
5:13 of 1st period - Shot Misses the Net.
5:38 of 1st period - Shot by Vinni Lettieri.
5:38 of 1st period - Stopped by Arturs Silovs without a rebound.
5:39 of 1st period - Adam Brooks wins face-off versus David Gustafsson in Barracuda zone.
5:54 of 1st period - Shot by Jesse Ylonen.
5:54 of 1st period - Shot Blocked by Sam Malinski.
6:01 of 1st period - Shot by Taylor Ward.
6:01 of 1st period - Shot Misses the Net.
6:07 of 1st period - Shot by Taylor Ward.
6:07 of 1st period - Stopped by Arturs Silovs with a rebound.
7:13 of 1st period - Shot by Nick Jones.
7:13 of 1st period - Stopped by Arturs Silovs without a rebound.
7:14 of 1st period - Ryan Schmelzer wins face-off versus Adam Brooks in Barracuda zone.
7:37 of 1st period - Icing by Louis Belpedio.
7:38 of 1st period - Ryan Schmelzer wins face-off versus Jeff Kubiak in Barracuda zone.
7:53 of 1st period - Shot by Mike Hardman.
7:53 of 1st period - Stopped by Alex Stalock with a rebound.
8:24 of 1st period - Icing by Gavin Bayreuther.
8:25 of 1st period - Kyle Criscuolo wins face-off versus Michael Pezzetta in Barracuda zone.
8:36 of 1st period - Shot by Oskar Olausson.
8:36 of 1st period - Shot Misses the Net.
8:38 of 1st period - Shot by Mark Friedman.
8:38 of 1st period - Shot Misses the Net.
9:27 of 1st period - Shot by Adam Brooks.
9:27 of 1st period - Stopped by Arturs Silovs without a rebound.
9:28 of 1st period - Jeff Kubiak wins face-off versus Kyle Criscuolo in Barracuda zone.
9:46 of 1st period - Icing by Ben Hutton.
9:47 of 1st period - Kyle Criscuolo wins face-off versus Adam Brooks in Barracuda zone.
9:47 of 1st period - Kyle Criscuolo is hit by Taylor Ward.
10:08 of 1st period - Shot by Brandt Clarke.
10:08 of 1st period - Shot Blocked by Ben Hutton.
10:17 of 1st period - Off-side.
10:18 of 1st period - Tyler Angle wins face-off versus Vinni Lettieri in neutral zone.
10:31 of 1st period - Shot by Matt Martin.
10:31 of 1st period - Stopped by Alex Stalock without a rebound.
10:32 of 1st period - Nicolas Petan wins face-off versus Jeff Kubiak in Admirals zone.
10:37 of 1st period - Shot by Nicolas Petan.
10:37 of 1st period - Stopped by Alex Stalock with a rebound.
10:39 of 1st period - Shot by Nicolas Petan.
10:39 of 1st period - Goal by Nicolas Petan - Admirals : 0 - Barracuda : 1.
10:40 of 1st period - Ryan Schmelzer wins face-off versus Vinni Lettieri in neutral zone.
10:42 of 1st period - Gavin Bayreuther is hit by Derrick Pouliot and loses puck.
10:46 of 1st period - Icing by Derrick Pouliot.
10:47 of 1st period - Ryan Schmelzer wins face-off versus Vinni Lettieri in Admirals zone.
10:47 of 1st period - Ryan Schmelzer is hit by Derrick Pouliot.
10:52 of 1st period - Matt Martin is hit by Derrick Pouliot and loses puck.
11:14 of 1st period - Michael Pezzetta is hit by Gavin Bayreuther and loses puck.
11:47 of 1st period - Shot by Taylor Ward.
11:47 of 1st period - Shot Blocked by Carsen Twarynski.
11:52 of 1st period - Minor Penalty to Jesse Ylonen for Hooking.
11:53 of 1st period - Ryan Schmelzer wins face-off versus Gage Goncalves in Admirals zone.
12:22 of 1st period - Shot by Mike Hardman.
12:22 of 1st period - Stopped by Alex Stalock without a rebound.
12:23 of 1st period - Kyle Criscuolo wins face-off versus Gage Goncalves in Admirals zone.
12:36 of 1st period - Shot by Kyle Criscuolo.
12:36 of 1st period - Goal by Kyle Criscuolo - Admirals : 0 - Barracuda : 2.
12:37 of 1st period - Kyle Criscuolo wins face-off versus Adam Brooks in neutral zone.
12:37 of 1st period - Carsen Twarynski is hit by Adam Brooks and loses puck.
12:42 of 1st period - Shot by Kyle Criscuolo.
12:42 of 1st period - Stopped by Alex Stalock without a rebound.
12:43 of 1st period - Adam Brooks wins face-off versus Kyle Criscuolo in Admirals zone.
12:43 of 1st period - Adam Brooks is hit by Carsen Twarynski.
12:46 of 1st period - Icing by Jesse Ylonen.
12:47 of 1st period - Kyle Criscuolo wins face-off versus Jesse Ylonen in Admirals zone.
12:49 of 1st period - Minor Penalty to William Wallinder for Hooking.
12:50 of 1st period - Kyle Criscuolo wins face-off versus Gage Goncalves in Admirals zone.
12:51 of 1st period - Shot by David Gustafsson.
12:51 of 1st period - Stopped by Alex Stalock without a rebound.
12:52 of 1st period - Boris Katchouk wins face-off versus Kyle Criscuolo in Admirals zone.
14:03 of 1st period - Off-side.
14:04 of 1st period - Ryan Schmelzer wins face-off versus FarmPlay1 in neutral zone.
14:07 of 1st period - Shot by Louis Belpedio.
14:07 of 1st period - Shot Misses the Net.
14:49 of 1st period - Shot by Ryan Schmelzer.
14:49 of 1st period - Stopped by Alex Stalock with a rebound.
15:39 of 1st period - Shot by Nick Jones.
15:39 of 1st period - Shot Blocked by Gavin Bayreuther.
15:59 of 1st period - Shot by Nicolas Petan.
15:59 of 1st period - Deflect By Matt Martin.
15:59 of 1st period - Stopped by Alex Stalock without a rebound.
16:00 of 1st period - Vinni Lettieri wins face-off versus Nicolas Petan in Admirals zone.
16:20 of 1st period - Shot by Vinni Lettieri.
16:20 of 1st period - Shot Misses the Net.
16:46 of 1st period - Shot by Jesse Ylonen.
16:46 of 1st period - Shot Misses the Net.
17:04 of 1st period - Icing by Kevin Connauton.
17:05 of 1st period - Ryan Schmelzer wins face-off versus Gage Goncalves in Barracuda zone.
18:07 of 1st period - Shot by Kyle Criscuolo.
18:07 of 1st period - Stopped by Alex Stalock without a rebound.
18:08 of 1st period - Kyle Criscuolo wins face-off versus Vinni Lettieri in Admirals zone.
19:28 of 1st period - Minor Penalty to Nick Jones for Interference.
19:29 of 1st period - Gage Goncalves wins face-off versus Dominik Shine in Admirals zone.
19:37 of 1st period - Icing by Ryan Schmelzer.
19:38 of 1st period - Ryan Schmelzer wins face-off versus Gage Goncalves in Barracuda zone.
19:51 of 1st period - Icing by Louis Belpedio.
19:52 of 1st period - Gage Goncalves wins face-off versus Ryan Schmelzer in Barracuda zone.
Goals for this period are 0 for Admirals vs 2 for Barracuda.
Shots for this period are 4 for Admirals vs 12 for Barracuda.

2nd period


0:01 of 2nd period - Kyle Criscuolo wins face-off versus Boris Katchouk in neutral zone.
0:03 of 2nd period - Off-side.
0:04 of 2nd period - David Gustafsson wins face-off versus Gage Goncalves in neutral zone.
0:08 of 2nd period - Shot by Sam Malinski.
0:08 of 2nd period - Stopped by Alex Stalock without a rebound.
0:09 of 2nd period - Kyle Criscuolo wins face-off versus Gage Goncalves in Admirals zone.
0:09 of 2nd period - Minor Penalty to Brandt Clarke for Tripping.
0:10 of 2nd period - Jesse Ylonen wins face-off versus Kyle Criscuolo in Admirals zone.
0:16 of 2nd period - Icing by Sam Malinski.
0:17 of 2nd period - Kyle Criscuolo wins face-off versus Jesse Ylonen in Barracuda zone.
0:46 of 2nd period - Shot by Matt Martin.
0:46 of 2nd period - Shot Blocked by Michael Karow.
0:48 of 2nd period - Shot by Matt Martin.
0:48 of 2nd period - Stopped by Alex Stalock without a rebound.
0:49 of 2nd period - Ryan Schmelzer wins face-off versus Jesse Ylonen in Admirals zone.
0:50 of 2nd period - Shot by Louis Belpedio.
0:50 of 2nd period - Shot Misses the Net.
0:52 of 2nd period - Shot by Louis Belpedio.
0:52 of 2nd period - Stopped by Alex Stalock without a rebound.
0:53 of 2nd period - Ryan Schmelzer wins face-off versus Jesse Ylonen in Admirals zone.
0:56 of 2nd period - Shot by Dominik Shine.
0:56 of 2nd period - Shot Blocked by Ethan Prow.
0:58 of 2nd period - Shot by Mike Hardman.
0:58 of 2nd period - Stopped by Alex Stalock with a rebound.
1:00 of 2nd period - Shot by Ryan Schmelzer.
1:00 of 2nd period - Stopped by Alex Stalock without a rebound.
1:01 of 2nd period - Dominik Shine wins face-off versus Jesse Ylonen in Admirals zone.
1:04 of 2nd period - Shot by Ben Hutton.
1:04 of 2nd period - Stopped by Alex Stalock with a rebound.
1:06 of 2nd period - Shot by Mike Hardman.
1:06 of 2nd period - Deflect By Dominik Shine.
1:06 of 2nd period - Stopped by Alex Stalock without a rebound.
1:07 of 2nd period - Jesse Ylonen wins face-off versus Kyle Criscuolo in Admirals zone.
1:13 of 2nd period - Icing by David Gustafsson.
1:14 of 2nd period - Jesse Ylonen wins face-off versus David Gustafsson in Barracuda zone.
1:39 of 2nd period - Shot by Ben Hutton.
1:39 of 2nd period - Stopped by Alex Stalock without a rebound.
1:40 of 2nd period - Ryan Schmelzer wins face-off versus Gage Goncalves in Admirals zone.
1:41 of 2nd period - Shot by Louis Belpedio.
1:41 of 2nd period - Shot Misses the Net.
1:49 of 2nd period - Shot by Mike Hardman.
1:49 of 2nd period - Stopped by Alex Stalock without a rebound.
1:50 of 2nd period - Ryan Schmelzer wins face-off versus Gage Goncalves in Admirals zone.
1:51 of 2nd period - Shot by Mike Hardman.
1:51 of 2nd period - Stopped by Alex Stalock without a rebound.
1:52 of 2nd period - Kyle Criscuolo wins face-off versus Gage Goncalves in Admirals zone.
1:55 of 2nd period - Shot by Ben Hutton.
1:55 of 2nd period - Shot Misses the Net.
1:57 of 2nd period - Shot by Sam Malinski.
1:57 of 2nd period - Shot Misses the Net.
2:20 of 2nd period - Dominik Shine is hit by Jesse Ylonen and loses puck.
2:33 of 2nd period - Shot by Taylor Ward.
2:33 of 2nd period - Shot Blocked by Louis Belpedio.
2:39 of 2nd period - Shot by Ethan Prow.
2:39 of 2nd period - Stopped by Arturs Silovs without a rebound.
2:40 of 2nd period - Nicolas Petan wins face-off versus Jeff Kubiak in Barracuda zone.
2:45 of 2nd period - Shot by Brandt Clarke.
2:45 of 2nd period - Shot Misses the Net.
3:08 of 2nd period - Shot by Gage Goncalves.
3:08 of 2nd period - Deflect By Jeff Kubiak.
3:08 of 2nd period - Shot Misses the Net.
3:22 of 2nd period - David Gustafsson is hit by Jeff Kubiak and loses puck.
3:36 of 2nd period - Nick Jones is hit by Oskar Olausson.
3:40 of 2nd period - Shot by Carsen Twarynski.
3:40 of 2nd period - Stopped by Alex Stalock with a rebound.
4:06 of 2nd period - Shot by Oskar Olausson.
4:06 of 2nd period - Stopped by Alex Stalock without a rebound.
4:07 of 2nd period - Ryan Schmelzer wins face-off versus Jesse Ylonen in Admirals zone.
4:14 of 2nd period - Shot by Ryan Schmelzer.
4:14 of 2nd period - Stopped by Alex Stalock without a rebound.
4:15 of 2nd period - Ryan Schmelzer wins face-off versus Boris Katchouk in Admirals zone.
5:01 of 2nd period - Icing by Ryan Schmelzer.
5:02 of 2nd period - Adam Brooks wins face-off versus Ryan Schmelzer in Barracuda zone.
5:11 of 2nd period - Shot by Adam Brooks.
5:11 of 2nd period - Goal by Adam Brooks - Admirals : 1 - Barracuda : 2.
5:12 of 2nd period - Nicolas Petan wins face-off versus Adam Brooks in neutral zone.
5:16 of 2nd period - Sam Malinski is hit by Michael Karow and loses puck.
5:20 of 2nd period - David Gustafsson is hit by Michael Karow and loses puck.
5:35 of 2nd period - Icing by Taylor Ward.
5:36 of 2nd period - Adam Brooks wins face-off versus Kyle Criscuolo in Admirals zone.
5:38 of 2nd period - Minor Penalty to Oskar Olausson for Holding.
5:39 of 2nd period - Vinni Lettieri wins face-off versus Mike Hardman in Barracuda zone.
5:44 of 2nd period - Shot by Boris Katchouk.
5:44 of 2nd period - Stopped by Arturs Silovs with a rebound.
5:51 of 2nd period - Icing by Gage Goncalves.
5:52 of 2nd period - Vinni Lettieri wins face-off versus Mike Hardman in Admirals zone.
5:57 of 2nd period - Matt Martin is hit by Vinni Lettieri and loses puck.
7:53 of 2nd period - Shot by Kyle Criscuolo.
7:53 of 2nd period - Shot Blocked by Michael Karow.
8:03 of 2nd period - Shot by Kyle Criscuolo.
8:03 of 2nd period - Stopped by Alex Stalock without a rebound.
8:04 of 2nd period - Adam Brooks wins face-off versus Ryan Schmelzer in Admirals zone.
8:57 of 2nd period - Minor Penalty to Gavin Bayreuther for Roughing.
8:58 of 2nd period - Vinni Lettieri wins face-off versus Oskar Olausson in Barracuda zone.
9:42 of 2nd period - Icing by Boris Katchouk.
9:43 of 2nd period - Mike Hardman wins face-off versus Boris Katchouk in Admirals zone.
10:00 of 2nd period - Icing by Gage Goncalves.
10:01 of 2nd period - Vinni Lettieri wins face-off versus Mike Hardman in Admirals zone.
10:34 of 2nd period - Icing by Brandt Clarke.
10:35 of 2nd period - Taylor Ward wins face-off versus Mike Hardman in Admirals zone.
10:40 of 2nd period - Ben Hutton is hit by Taylor Ward and loses puck.
11:06 of 2nd period - Icing by Gavin Bayreuther.
11:07 of 2nd period - Jeff Kubiak wins face-off versus Kyle Criscuolo in Barracuda zone.
12:22 of 2nd period - Ben Hutton is hit by Robbie Russo and loses puck.
12:50 of 2nd period - Icing by Louis Belpedio.
12:51 of 2nd period - Nicolas Petan wins face-off versus Taylor Ward in Barracuda zone.
13:15 of 2nd period - Shot by Adam Brooks.
13:15 of 2nd period - Stopped by Arturs Silovs without a rebound.
13:16 of 2nd period - Jeff Kubiak wins face-off versus Kyle Criscuolo in Barracuda zone.
13:25 of 2nd period - Shot by Gage Goncalves.
13:25 of 2nd period - Stopped by Arturs Silovs with a rebound.
13:28 of 2nd period - Icing by Kyle Criscuolo.
13:29 of 2nd period - Kyle Criscuolo wins face-off versus Jeff Kubiak in Barracuda zone.
13:29 of 2nd period - Kyle Criscuolo is hit by Jeff Kubiak.
13:52 of 2nd period - Icing by Robbie Russo.
13:53 of 2nd period - Jeff Kubiak wins face-off versus Ryan Schmelzer in Admirals zone.
14:21 of 2nd period - Shot by Sam Malinski.
14:21 of 2nd period - Shot Misses the Net.
14:23 of 2nd period - Shot by Ryan Schmelzer.
14:23 of 2nd period - Shot Blocked by Ethan Prow.
14:25 of 2nd period - Shot by Ryan Schmelzer.
14:25 of 2nd period - Shot Blocked by Ethan Prow.
14:27 of 2nd period - Shot by Sam Malinski.
14:27 of 2nd period - Shot Misses the Net.
15:19 of 2nd period - Shot by Vinni Lettieri.
15:19 of 2nd period - Stopped by Arturs Silovs without a rebound.
15:20 of 2nd period - Adam Brooks wins face-off versus Kyle Criscuolo in Barracuda zone.
15:39 of 2nd period - Shot by Carsen Twarynski.
15:39 of 2nd period - Deflect By Kyle Criscuolo.
15:39 of 2nd period - Shot Misses the Net.
15:41 of 2nd period - Shot by Gavin Bayreuther.
15:41 of 2nd period - Shot Misses the Net.
15:50 of 2nd period - Icing by Michael Karow.
15:51 of 2nd period - Ryan Schmelzer wins face-off versus Adam Brooks in Admirals zone.
16:01 of 2nd period - Icing by William Wallinder.
16:02 of 2nd period - Taylor Ward wins face-off versus Tyler Angle in Admirals zone.
16:57 of 2nd period - Shot by Kyle Criscuolo.
16:57 of 2nd period - Stopped by Alex Stalock with a rebound.
16:59 of 2nd period - Shot by Louis Belpedio.
16:59 of 2nd period - The goal is going for a video replay.
16:59 of 2nd period - The goal is good.
16:59 of 2nd period - Goal by Louis Belpedio - Admirals : 1 - Barracuda : 3.
17:00 of 2nd period - Gage Goncalves wins face-off versus Ryan Schmelzer in neutral zone.
17:10 of 2nd period - Mark Friedman is hit by Ethan Prow and loses puck.
17:15 of 2nd period - Shot by Mike Hardman.
17:15 of 2nd period - Shot Misses the Net.
17:17 of 2nd period - Shot by Mike Hardman.
17:17 of 2nd period - Shot Misses the Net.
17:18 of 2nd period - Minor Penalty to Ethan Prow for Interference.
17:19 of 2nd period - Kyle Criscuolo wins face-off versus Gage Goncalves in Admirals zone.
17:19 of 2nd period - Kyle Criscuolo is hit by Robbie Russo.
17:33 of 2nd period - Shot by Matt Martin.
17:33 of 2nd period - Stopped by Alex Stalock without a rebound.
17:34 of 2nd period - Ryan Schmelzer wins face-off versus Gage Goncalves in Admirals zone.
17:51 of 2nd period - Shot by Ben Hutton.
17:51 of 2nd period - Stopped by Alex Stalock without a rebound.
17:52 of 2nd period - David Gustafsson wins face-off versus Jesse Ylonen in Admirals zone.
17:55 of 2nd period - Shot by Louis Belpedio.
17:55 of 2nd period - Stopped by Alex Stalock without a rebound.
17:56 of 2nd period - Kyle Criscuolo wins face-off versus Jesse Ylonen in Admirals zone.
17:57 of 2nd period - Shot by Sam Malinski.
17:57 of 2nd period - Shot Blocked by Vinni Lettieri.
17:59 of 2nd period - Shot by Ben Hutton.
17:59 of 2nd period - Stopped by Alex Stalock with a rebound.
18:01 of 2nd period - Shot by Ben Hutton.
18:01 of 2nd period - Stopped by Alex Stalock without a rebound.
18:02 of 2nd period - Ryan Schmelzer wins face-off versus Gage Goncalves in Admirals zone.
18:17 of 2nd period - Shot by Sam Malinski.
18:17 of 2nd period - Shot Misses the Net.
18:30 of 2nd period - Minor Penalty to Vinni Lettieri for Tripping.
18:31 of 2nd period - Jesse Ylonen wins face-off versus Kyle Criscuolo in Admirals zone.
18:51 of 2nd period - Shot by Louis Belpedio.
18:51 of 2nd period - Shot Misses the Net.
18:53 of 2nd period - Shot by David Gustafsson.
18:53 of 2nd period - Stopped by Alex Stalock without a rebound.
18:54 of 2nd period - Ryan Schmelzer wins face-off versus Jesse Ylonen in Admirals zone.
19:23 of 2nd period - Shot by Sam Malinski.
19:23 of 2nd period - Shot Misses the Net.
19:25 of 2nd period - Shot by Sam Malinski.
19:25 of 2nd period - Stopped by Alex Stalock without a rebound.
19:26 of 2nd period - Kyle Criscuolo wins face-off versus Gage Goncalves in Admirals zone.
19:48 of 2nd period - Shot by Kyle Criscuolo.
19:48 of 2nd period - Stopped by Alex Stalock with a rebound.
19:50 of 2nd period - Shot by David Gustafsson.
19:50 of 2nd period - Shot Misses the Net.
19:52 of 2nd period - Shot by Matt Martin.
19:52 of 2nd period - Shot Misses the Net.
19:54 of 2nd period - Shot by Matt Martin.
19:54 of 2nd period - Shot Blocked by Ethan Prow.
Goals for this period are 1 for Admirals vs 1 for Barracuda.
Shots for this period are 6 for Admirals vs 24 for Barracuda.

3rd period


0:01 of 3rd period - Gage Goncalves wins face-off versus Kyle Criscuolo in neutral zone.
0:13 of 3rd period - Minor Penalty to Ethan Prow for Hooking.
0:14 of 3rd period - Ryan Schmelzer wins face-off versus Jesse Ylonen in Admirals zone.
1:15 of 3rd period - Minor Penalty to Michael Karow for Tripping.
1:16 of 3rd period - Kyle Criscuolo wins face-off versus Jesse Ylonen in Admirals zone.
1:17 of 3rd period - Shot by Sam Malinski.
1:17 of 3rd period - Goal by Sam Malinski - Admirals : 1 - Barracuda : 4.
1:18 of 3rd period - Kyle Criscuolo wins face-off versus Gage Goncalves in neutral zone.
1:27 of 3rd period - Shot by Sam Malinski.
1:27 of 3rd period - Stopped by Alex Stalock without a rebound.
1:28 of 3rd period - Dominik Shine wins face-off versus Gage Goncalves in Admirals zone.
1:29 of 3rd period - Shot by Mike Hardman.
1:29 of 3rd period - Stopped by Alex Stalock without a rebound.
1:30 of 3rd period - Gage Goncalves wins face-off versus Kyle Criscuolo in Admirals zone.
1:30 of 3rd period - Gage Goncalves is hit by Matt Martin.
2:13 of 3rd period - Off-side.
2:14 of 3rd period - Jesse Ylonen wins face-off versus Ryan Schmelzer in neutral zone.
2:24 of 3rd period - Off-side.
2:25 of 3rd period - Ryan Schmelzer wins face-off versus Jesse Ylonen in neutral zone.
2:50 of 3rd period - Shot by Louis Belpedio.
2:50 of 3rd period - Stopped by Alex Stalock with a rebound.
2:52 of 3rd period - Shot by Mike Hardman.
2:52 of 3rd period - Shot Blocked by Robbie Russo.
2:54 of 3rd period - Shot by Louis Belpedio.
2:54 of 3rd period - Stopped by Alex Stalock without a rebound.
2:55 of 3rd period - Kyle Criscuolo wins face-off versus Jesse Ylonen in Admirals zone.
3:14 of 3rd period - Shot by Ben Hutton.
3:14 of 3rd period - Deflect By Matt Martin.
3:14 of 3rd period - Shot Hit the Post.
3:16 of 3rd period - Shot by Kyle Criscuolo.
3:16 of 3rd period - Shot Misses the Net.
3:28 of 3rd period - Minor Penalty to William Wallinder for Delaying the game.
3:29 of 3rd period - Gage Goncalves wins face-off versus Ryan Schmelzer in Admirals zone.
3:29 of 3rd period - Gage Goncalves is hit by Ryan Schmelzer.
3:39 of 3rd period - Shot by Ryan Schmelzer.
3:39 of 3rd period - Stopped by Alex Stalock without a rebound.
3:40 of 3rd period - Ryan Schmelzer wins face-off versus Gage Goncalves in Admirals zone.
3:47 of 3rd period - Shot by Ben Hutton.
3:47 of 3rd period - Stopped by Alex Stalock with a rebound.
3:49 of 3rd period - Shot by Sam Malinski.
3:49 of 3rd period - Shot Misses the Net.
3:51 of 3rd period - Shot by Mike Hardman.
3:51 of 3rd period - Shot Blocked by Boris Katchouk.
4:32 of 3rd period - Icing by Kyle Criscuolo.
4:33 of 3rd period - Kyle Criscuolo wins face-off versus Vinni Lettieri in Barracuda zone.
4:50 of 3rd period - Shot by Louis Belpedio.
4:50 of 3rd period - Shot Misses the Net.
5:11 of 3rd period - Icing by Louis Belpedio.
5:12 of 3rd period - Kyle Criscuolo wins face-off versus Jesse Ylonen in Barracuda zone.
6:16 of 3rd period - Minor Penalty to Jeff Kubiak for Tripping.
6:17 of 3rd period - Gage Goncalves wins face-off versus Kyle Criscuolo in Admirals zone.
6:40 of 3rd period - Shot by Ben Hutton.
6:40 of 3rd period - Shot Blocked by Ethan Prow.
7:56 of 3rd period - Shot by Nicolas Petan.
7:56 of 3rd period - Shot Blocked by Derrick Pouliot.
7:58 of 3rd period - Shot by Louis Belpedio.
7:58 of 3rd period - Stopped by Alex Stalock with a rebound.
8:00 of 3rd period - Shot by Jon-Randall Avon.
8:00 of 3rd period - Goal by Jon-Randall Avon - Admirals : 1 - Barracuda : 5.
8:01 of 3rd period - Adam Brooks wins face-off versus Jon-Randall Avon in neutral zone.
8:27 of 3rd period - Icing by Taylor Ward.
8:28 of 3rd period - Ryan Schmelzer wins face-off versus Adam Brooks in Admirals zone.
8:28 of 3rd period - Ryan Schmelzer is hit by William Wallinder.
8:38 of 3rd period - Dominik Shine is hit by Taylor Ward and loses puck.
8:55 of 3rd period - Minor Penalty to Ben Hutton for Delaying the game.
8:56 of 3rd period - Vinni Lettieri wins face-off versus Mike Hardman in Barracuda zone.
9:09 of 3rd period - Shot by Boris Katchouk.
9:09 of 3rd period - Shot Blocked by Kevin Connauton.
9:27 of 3rd period - Shot by Boris Katchouk.
9:27 of 3rd period - Stopped by Arturs Silovs with a rebound.
9:29 of 3rd period - Shot by Ethan Prow.
9:29 of 3rd period - Stopped by Arturs Silovs without a rebound.
9:30 of 3rd period - Adam Brooks wins face-off versus Oskar Olausson in Barracuda zone.
9:33 of 3rd period - Shot by Brandt Clarke.
9:33 of 3rd period - Shot Misses the Net.
9:35 of 3rd period - Shot by Landon Slaggert.
9:35 of 3rd period - Stopped by Arturs Silovs without a rebound.
9:36 of 3rd period - Mike Hardman wins face-off versus Adam Brooks in Barracuda zone.
9:59 of 3rd period - Shot by Derrick Pouliot.
9:59 of 3rd period - Shot Misses the Net.
10:09 of 3rd period - Matt Martin is hit by Taylor Ward.
10:29 of 3rd period - Shot by Boris Katchouk.
10:29 of 3rd period - Shot Misses the Net.
10:35 of 3rd period - Shot by Vinni Lettieri.
10:35 of 3rd period - Stopped by Arturs Silovs without a rebound.
10:36 of 3rd period - Ryan Schmelzer wins face-off versus Vinni Lettieri in Barracuda zone.
10:42 of 3rd period - Icing by Vinni Lettieri.
10:43 of 3rd period - Mike Hardman wins face-off versus Vinni Lettieri in Admirals zone.
11:39 of 3rd period - Icing by Mark Friedman.
11:40 of 3rd period - Adam Brooks wins face-off versus Kyle Criscuolo in Barracuda zone.
12:29 of 3rd period - Icing by Mark Friedman.
12:30 of 3rd period - Kyle Criscuolo wins face-off versus Vinni Lettieri in Barracuda zone.
12:30 of 3rd period - Kyle Criscuolo is hit by Michael Pezzetta.
12:36 of 3rd period - Robbie Russo is hit by Kyle Criscuolo and loses puck.
12:44 of 3rd period - Icing by Robbie Russo.
12:45 of 3rd period - Tyler Angle wins face-off versus Vinni Lettieri in Admirals zone.
13:00 of 3rd period - Shot by Ryan Schmelzer.
13:00 of 3rd period - Deflect By Matt Martin.
13:00 of 3rd period - Shot Misses the Net.
13:02 of 3rd period - Shot by Sam Malinski.
13:02 of 3rd period - Shot Blocked by Robbie Russo.
13:51 of 3rd period - Minor Penalty to William Wallinder for Holding.
13:52 of 3rd period - Gage Goncalves wins face-off versus Kyle Criscuolo in Admirals zone.
14:01 of 3rd period - Shot by Louis Belpedio.
14:01 of 3rd period - Shot Misses the Net.
14:49 of 3rd period - Shot by Ben Hutton.
14:49 of 3rd period - Stopped by Alex Stalock with a rebound.
14:51 of 3rd period - Shot by Sam Malinski.
14:51 of 3rd period - Stopped by Alex Stalock with a rebound.
14:55 of 3rd period - Shot by Dominik Shine.
14:55 of 3rd period - Shot Blocked by Landon Slaggert.
15:48 of 3rd period - Shot by Sam Malinski.
15:48 of 3rd period - Stopped by Alex Stalock without a rebound.
15:49 of 3rd period - Ryan Schmelzer wins face-off versus Boris Katchouk in Admirals zone.
15:50 of 3rd period - Shot by Louis Belpedio.
15:50 of 3rd period - Shot Misses the Net.
16:00 of 3rd period - Shot by Jeff Kubiak.
16:00 of 3rd period - Shot Misses the Net.
16:01 of 3rd period - Jeff Kubiak beats up Mark Friedman.
16:01 of 3rd period - Penalty to Mark Friedman for Fighting.
16:01 of 3rd period - Penalty to Jeff Kubiak for Fighting.
16:02 of 3rd period - Tyler Angle wins face-off versus Vinni Lettieri in Barracuda zone.
16:02 of 3rd period - Tyler Angle is hit by Michael Pezzetta.
16:23 of 3rd period - Icing by Tyler Angle.
16:24 of 3rd period - Tyler Angle wins face-off versus FarmPlay1 in Barracuda zone.
16:29 of 3rd period - Shot by Ryan Schmelzer.
16:29 of 3rd period - Shot Misses the Net.
16:31 of 3rd period - Shot by Ryan Schmelzer.
16:31 of 3rd period - Shot Blocked by William Wallinder.
16:33 of 3rd period - Shot by Louis Belpedio.
16:33 of 3rd period - Stopped by Alex Stalock without a rebound.
16:34 of 3rd period - Kyle Criscuolo wins face-off versus FarmPlay1 in Admirals zone.
16:34 of 3rd period - Kyle Criscuolo is hit by Derrick Pouliot.
16:36 of 3rd period - Shot by Sam Malinski.
16:36 of 3rd period - Stopped by Alex Stalock with a rebound.
16:43 of 3rd period - Minor Penalty to Derrick Pouliot for Close Hand On Puck.
16:44 of 3rd period - Kyle Criscuolo wins face-off versus Gage Goncalves in Admirals zone.
16:45 of 3rd period - Shot by Ben Hutton.
16:45 of 3rd period - Shot Misses the Net.
16:47 of 3rd period - Shot by Sam Malinski.
16:47 of 3rd period - Shot Misses the Net.
16:49 of 3rd period - Shot by Ben Hutton.
16:49 of 3rd period - Stopped by Alex Stalock with a rebound.
16:55 of 3rd period - Shot by David Gustafsson.
16:55 of 3rd period - Shot Misses the Net.
16:59 of 3rd period - Shot by Ben Hutton.
16:59 of 3rd period - Shot Misses the Net.
17:01 of 3rd period - Shot by Sam Malinski.
17:01 of 3rd period - Stopped by Alex Stalock without a rebound.
17:02 of 3rd period - Ryan Schmelzer wins face-off versus Gage Goncalves in Admirals zone.
17:46 of 3rd period - Off-side.
17:47 of 3rd period - Gage Goncalves wins face-off versus Kyle Criscuolo in neutral zone.
18:23 of 3rd period - Jesse Ylonen is hit by Matt Martin and loses puck.
19:37 of 3rd period - Off-side.
19:38 of 3rd period - Adam Brooks wins face-off versus Nicolas Petan in neutral zone.
19:38 of 3rd period - Taylor Ward is hit by Matt Martin and loses puck.
19:47 of 3rd period - Minor Penalty to Robbie Russo for Roughing.
19:48 of 3rd period - Ryan Schmelzer wins face-off versus Vinni Lettieri in Admirals zone.
19:52 of 3rd period - Icing by Michael Pezzetta.
19:53 of 3rd period - Nicolas Petan wins face-off versus Vinni Lettieri in Admirals zone.
19:56 of 3rd period - Shot by David Gustafsson.
19:56 of 3rd period - Deflect By Matt Martin.
19:56 of 3rd period - Shot Misses the Net.
Goals for this period are 0 for Admirals vs 2 for Barracuda.
Shots for this period are 4 for Admirals vs 16 for Barracuda.